 Seeded DCSS version 0.32-a0-38-gb04dd89b9b (webtiles) character file.

Game seed: 560841995258110699 (custom seed)

90 dacreux the Mimic (level 4, -2/32 HPs)
             Began as a Demonspawn Shapeshifter on Jan 23, 2024.
             Was a Follower of Wu Jian.
             Slain by an orc wizard
             ... wielding a +0 dagger
              (4 damage)
             ... on level 3 of the Dungeon.
             The game lasted 00:01:29 (1038 turns).

dacreux the Mimic (Demonspawn Shapeshifter)         Turns: 1038, Time: 00:01:30

Health: -2/32      AC:  2    Str: 17    XL:     4   Next: 32%
Magic:  4/4        EV: 12    Int: 10    God:    Wu Jian [*.....]
Gold:   21         SH:  0    Dex: 12    Spells: 3/3 levels left

rFire   . .          .
                       - Unarmed
rCold   . . .        (no shield)
rNeg    . . .        a - +0 animal skin
rPois   .            (helmet currently unavailable)
rElec   .            (cloak currently unavailable)
rCorr   .            (gloves currently unavailable)
SInv    .            (boots currently unavailable)
Will    .....        (no amulet)
Stlth   +            (no ring)
HPRegen 0.25/turn    (no ring)
MPRegen 0.09/turn

%: no passive effects
@: confused, beast-form
A: beast (slay +4), claws 2
a: Begin Untransformation, Renounce Religion


You were on level 3 of the Dungeon.
You worshipped Wu Jian.
Wu Jian was aware of your devotion.
You were a hulking beast.
You visited 1 branch of the dungeon, and saw 3 of its levels.

You collected 21 gold pieces.

Inventory:

Missiles
 h - 4 javelins (quivered)
Armour
 a - a +0 animal skin (worn)
Talismans
 c - a beast talisman (active)
 d - a flux talisman
Scrolls
 g - 2 scrolls of teleportation {unknown}
 i - a scroll of vulnerability {unknown}
 j - a scroll of noise {unknown}
Potions
 b - 2 potions of lignification
 e - 2 potions of might {unknown}
 f - a potion of degeneration {unknown}
 k - a potion of brilliance {unknown}


   Skills:
 - Level 1.0 Fighting
 - Level 1.7 Dodging
 + Level 6.4 Unarmed Combat
 * Level 8.0 Shapeshifting


You had 3 spell levels left.
You didn't know any spells.
Your spell library contained the following spells:

 Spells                   Type           Power      Damage    Failure   Level
 Manifold Assault         Tloc           0%         N/A       98%         4
 Dispersal                Tloc           0%         N/A       100%        6
 Disjunction              Tloc           0%         N/A       100%        8


Dungeon Overview and Level Annotations

Branches:
Dungeon (3/15)

Altars:
Wu Jian


Innate Abilities, Weirdness & Mutations

You are a hulking beast.
Your limbs bulge with bestial killing power. (Slay +4)
You have very sharp fingernails.


Message History

You claw the orc!
You kill the orc!
The Council accepts your kill.
You bump into the metal wall.
You bump into the metal wall.
The endoplasm closely misses you.
You're too confused to move!
You feel less confused. The endoplasm barely misses you.
You claw the endoplasm!
You kill the endoplasm!
The Council accepts your kill.
You scratch something. Something hits you but does no damage.
You barely miss something.
You hear some strange, mumbled words.
A puff of flame appears from out of thin air!
The puff of flame hits you!
You claw something!
You hear some strange, mumbled words.
You are confused.
You miss something. Something barely misses you.
You scratch something.
You bump into the rock wall.
You hear some strange, mumbled words.
A puff of flame appears from out of thin air!
The puff of flame hits you!
* * * LOW HITPOINT WARNING * * *
You claw the orc!
You kill the orc!
The Council accepts your kill.
You hear some strange, mumbled words.
You are more confused.
Something hits you.
* * * LOW HITPOINT WARNING * * *
You see here a +0 whip.
You bump into the rock wall.
Something hits you.
* * * LOW HITPOINT WARNING * * *
You bump into the metal wall.
Something hits you.
* * * LOW HITPOINT WARNING * * *
You bump into the metal wall.
Something hits you.
You die...

#........#######..
#.............)...
#..............#.#
#..............#..
#.######.......#.#
. #..# #.......#.#
... ##.#
#.......#.#
#...###.#
#.......#.#
#..)h{#
#.........#
##.####
#.......### #.
#.......# #
#.......#


There were no monsters in sight!

Vanquished Creatures
  3 adders (D:2)
  2 dart slugs (D:2)
  2 orcs (D:3)
  2 endoplasms
  A giant cockroach (D:1)
  A hobgoblin (D:1)
  A quokka (D:2)
  4 ball pythons
  6 bats
  2 frilled lizards
  A goblin (D:2)
  A kobold (D:3)
  3 rats
29 creatures vanquished.

Notes
Turn   | Place    | Note
-------+----------+-------------------------------------------
     0 | D:1      | dacreux the Demonspawn Shapeshifter began the quest for the
                  | Orb.
     0 | D:1      | Reached XP level 1. HP: 15/15 MP: 1/1
    39 | D:1      | Reached skill level 5 in Shapeshifting
    39 | D:1      | Gained mutation: You have sharp fingernails. [demonic
                  | ancestry]
    39 | D:1      | Reached XP level 2. HP: 21/21 MP: 2/2
    40 | D:1      | Reached skill level 7 in Shapeshifting
    40 | D:1      | Reached XP level 3. HP: 26/26 MP: 3/3
   349 | D:2      | Reached skill level 8 in Shapeshifting
   520 | D:2      | Found a faded altar of an unknown god.
   528 | D:2      | Gained mutation: You have very sharp fingernails. [demonic
                  | ancestry]
   528 | D:2      | Reached XP level 4. HP: 32/32 MP: 4/4
   536 | D:2      | Prayed at the altar of an unknown god.
   536 | D:2      | Became a worshipper of the Wu Jian Council
   536 | D:2      | Reached * piety under Wu Jian
  1037 | D:3      | HP: 1/32 [something (4)]
  1038 | D:3      | Slain by an orc wizard

Illustrated notes

Levels and vault maps discovered:
D:1:      ncdulo_smallfort, layout_loops_cross
D:2:      layout_loops_cross, ebering_ecumenical_altar_sacrificial
D:3:      minmay_skewed_foursquare, layout_basic, serial_bayou_pond_a

Skill      XL: |  1  2  3 |
---------------+----------+-----
Unarmed Combat | 4 6 |  6.4
Shapeshifting  | 5 7 8 |  8.0
Fighting       | |  1.0
Dodging        | |  1.7

Action                     |  1- 3 |  4- 6 || total
---------------------------+-------+-------++-------
  Melee: Unarmed           |    35 |    15 ||    50
  Throw: Javelin           |       |     5 ||     5
    Use: Potion            |     2 |       ||     2
   Stab: Sleeping          |     1 |       ||     1
 Armour: Animal skin       |    18 |    14 ||    32
  Dodge: Dodged            |    20 |     6 ||    26
   Form: Beast             |     1 |       ||     1

Table legend: (Time is in decaauts)
 A = Elapsed time spent in this place.
 B = Non-inter-level travel time spent in this place.
 C = Inter-level travel time spent in this place.
 D = Time resting spent in this place.
 E = Time spent auto-exploring this place.
 F = Levels seen in this place.
 G = Mean time per level.
                   A        B        C        D        E       F      G
               +--------+--------+--------+--------+--------+-----+--------+
         Total |   1034 |    963 |     71 |      0 |    780 |   3 |  344.7 |
       Dungeon |   1034 |    963 |     71 |      0 |    780 |   3 |  344.7 |
               +--------+--------+--------+--------+--------+-----+--------+

Top non-repeatable levels by time:
     D:2: 613 daAuts
     D:1: 342 daAuts
     D:3: 78 daAuts
